Cogmind - Beta 14 @@@ ROGUE MODE // 2024.08.29 @ 17:06:25 Player: Pogmind Result: Self-destructed Performance ------------- Evolutions (5) 2500 Regions Visited (12) 2400 Robots Destroyed (397) 1985 Value Destroyed (12975) 12975 Prototype IDs (54) 1080 Alien Tech Used (0) 0 Bonus (1366) 1366 TOTAL SCORE: 22306 Bonus ------- High Alert Combat Kills 590 Follower Combat Kills 657 Aligned with FarCom 300 Friendly Fire -181 Cogmind --------- Core Integrity 260/1000 Matter 6/300 Energy 217/310 System Corruption 16% Temperature Cool (0) Movement Core (2950) Ox58 Location -5/Factory Parts ------- > --- POWER (1) -------- Reinforced Fission Core > --- PROPULSION (4) --- (None) > --- UTILITY (9) ------ Advanced Cooling System Experimental Cooling System Cargo Storage Unit Advanced Targeting Computer Makeshift Hacking Suite Advanced System Shield Tech Extrapolator > --- WEAPON (3) ------- Mini Assault Cannon Mini Assault Cannon Mini Assault Cannon > --- INVENTORY (30) --- Improved Heavy Treads Improved Heavy Treads High-density Centrium Leg High-density Centrium Leg Experimental Cooling System Experimental Cooling System Huge Storage Unit Siege Articulator Siege Articulator Advanced Terrain Scanner Experimental Actuator Array Core Shielding Experimental EM Disruption Field Makeshift Hacking Suite Authchip [Device] Authchip [Processor] High-powered Tractor Beam Enhanced Gamma Bomb Array Heavy Rocket Launcher LU-1G1's Laser Shovel CPS Tube (2) Voltaic Drivehammer (4/40) Longsword +1 PL-3XN's Ring of Power PL-3XN's Ring of Power Peak State ------------ > --- POWER ------------ Improved Deuterium Engine > --- PROPULSION ------- Armored Treads Medium Treads Armored Huge Wheel > --- UTILITY ---------- Advanced Cooling System Experimental Cooling System Advanced Coolant Injector Cargo Storage Unit Makeshift Medium Armor Plating Advanced Shield Generator Makeshift Hacking Suite Tech Extrapolator > --- WEAPON ----------- Gatling Laser Heavy Dispersion Rifle Mini Assault Cannon > --- INVENTORY -------- Improved Heavy Treads Improved Heavy Treads High-density Centrium Leg High-density Centrium Leg Experimental Cooling System Experimental Cooling System Huge Storage Unit Siege Articulator Siege Articulator Experimental Actuator Array Experimental EM Disruption Field Makeshift Hacking Suite Makeshift Hacking Suite Advanced System Shield Authchip [Device] Authchip [Processor] High-powered Tractor Beam Gatling Laser Mini Assault Cannon Mini Assault Cannon Enhanced Gamma Bomb Array Heavy Rocket Launcher LU-1G1's Laser Shovel CPS Tube Voltaic Drivehammer Longsword +1 PL-3XN's Ring of Power PL-3XN's Ring of Power [Rating: 100] Favorites ----------- Power Heavy Ion Engine Engine Heavy Ion Engine Power Core Reinforced Fission Core Propulsion Light Treads Treads Light Treads Leg High-density Centrium Leg Wheel Armored Huge Wheel Hover Unit Backup Propulsion I Flight Unit Improved Flight Unit Utility Cargo Storage Unit Device Cooling System Storage Cargo Storage Unit Processor Advanced Visual Processing Unit Hackware Makeshift Hacking Suite Protection Hardened Medium Armor Plating Weapon Autogun Energy Gun Heavy Particle Gun Energy Cannon Beam Cannon Ballistic Gun Autogun Ballistic Cannon Mini Assault Cannon Launcher Heavy Rocket Launcher Special Weapon CPS Tube Impact Weapon Heavy Mace Slashing Weapon Longsword +1 Piercing Weapon Makeshift Spear Build | -11 -10 -10 -9 -9 -9 -8 -8 -7 -7 -7 -7 -5 ------- Run | Yrd Mat Min Mat Min Exi Min Mat Fac Sto Rec Scr Fac Slots Evolved 10 | . . . 2 . . . 2 2 . . . 4 Power . | . . . . . . . . . . . . . Propulsion 2 | . . . 1 . . . . . . . . 1 Utility 7 | . . . 1 . . . 1 2 . . . 3 Weapon 1 | . . . . . . . 1 . . . . . Parts Attached 537 | 7 33 9 70 8 1 9 87 49 27 12 130 95 Power 16 | 1 3 . 4 . . . 2 1 . 1 1 3 Engine 14 | 1 2 . 4 . . . 2 1 . 1 1 2 Core 2 | . 1 . . . . . . . . . . 1 Reactor . | . . . . . . . . . . . . . Propulsion 76 | 2 4 . 10 1 1 1 21 4 3 1 13 15 Treads 54 | 2 3 . 9 1 1 1 16 1 2 1 10 7 Leg 1 | . . . . . . . . . . . . 1 Wheel 17 | . . . . . . . 3 3 1 . 3 7 Hover 2 | . 1 . . . . . 1 . . . . . Flight 2 | . . . 1 . . . 1 . . . . . Utility 204 | 2 11 5 26 1 . 1 26 18 3 1 67 43 Device 107 | 1 8 3 15 . . . 7 10 1 . 39 23 Storage 11 | 1 2 . 1 . . . 2 . . . 4 1 Processor 6 | . . . . . . . 2 . . . 1 3 Hackware 10 | . . . . . . . . 3 . . 1 6 Protection 70 | . 1 2 10 1 . 1 15 5 2 1 22 10 Artifact . | . . . . . . . . . . . . . Weapon 241 | 2 15 4 30 6 . 7 38 26 21 9 49 34 Energy Gun 62 | 1 . . 17 . . . 6 13 8 2 5 10 Energy Cannon 19 | . 4 2 5 . . . 7 . . . 1 . Ballistic Gun 53 | 1 6 . 3 3 . 4 21 2 7 4 2 . Ballistic Cannon 42 | . . . . . . . . 3 . 1 23 15 Launcher 23 | . . 2 3 3 . 3 1 2 . . 4 5 Special Weapon 16 | . 5 . . . . . . . . . 9 2 Impact Weapon 4 | . . . 2 . . . . . . . 2 . Slashing Weapon 20 | . . . . . . . 1 6 6 2 3 2 Piercing Weapon 2 | . . . . . . . 2 . . . . . Special Melee Weapon . | . . . . . . . . . . . . . Unidentified Prototypes 25 | . . . 3 . . . 6 2 3 . 3 8 Corrupted Parts 2 | . . . . . . . 2 . . . . . System Corruption 8 | . . . . . . . 8 . . . . . Parts Lost 88 | . 2 . 13 . . . 22 1 7 . 10 33 Power 9 | . 2 . 2 . . . 1 . . . 1 3 Propulsion 26 | . . . 5 . . . 8 . 2 . . 11 Utility 32 | . . . 1 . . . 5 1 3 . 9 13 Weapon 21 | . . . 5 . . . 8 . 2 . . 6 Highest Loss Streak 8 | . 1 . 4 . . . 8 1 2 . 1 8 To Critical Strikes 2 | . . . . . . . . . . . . 2 Average Slot Usage (%) 83 | . 97 100 93 88 88 88 90 81 74 73 75 81 Engine 8 | . 13 14 10 11 11 11 8 7 7 7 7 3 Treads 19 | . 27 28 32 33 33 33 25 7 5 7 9 14 Wheel 1 | . . . . . . . 1 11 7 7 1 2 Device 8 | . 12 13 6 5 . . 3 12 9 7 10 11 Storage 8 | . 14 14 11 11 11 11 9 7 7 7 7 5 Processor 1 | . . . . . . . 3 . . . 2 3 Protection 12 | . . . 9 5 11 11 10 7 12 14 18 7 Energy Gun 3 | . 5 . 6 . . . 1 19 16 8 . 4 Energy Cannon 1 | . 11 27 . . . . 1 . . . . . Ballistic Gun 9 | . 8 . 14 21 22 21 23 1 5 11 . . Ballistic Cannon 4 | . . . . . . . . . . . 10 9 Peak Build Rating 100 | 7 11 11 25 21 22 22 38 54 53 53 66 100 Average Rating 37 | 5 8 9 19 20 21 22 25 46 48 48 55 77 On Entrance 26 | . 7 9 11 19 21 22 22 38 47 49 39 61 Naked Turns . | . . . . . . . . . . . . . Heaviest Build 250 | 12 52 52 157 158 157 158 172 183 184 193 250 199 Greatest Support 72 | 40 40 40 60 60 60 60 60 28 28 28 70 72 Greatest Overweight (x) 13 | . 1 1 2 2 2 2 13 7 6 6 6 6 Average Overweight (x) 2 | . . 1 1 2 2 2 2 6 6 6 3 4 Largest Inventory Capacity 35 | 8 20 20 30 30 30 30 30 30 30 30 35 35 Average Capacity 26 | 7 15 20 25 30 30 30 29 30 30 30 26 30 Most Carried 35 | 4 20 20 30 30 30 30 30 30 30 30 35 34 Average Carried 25 | 3 13 19 23 29 29 29 27 29 29 29 23 28 Final Capacity 35 | 8 20 20 30 30 30 30 30 30 30 30 35 30 Final Carried 35 | 4 19 20 30 30 30 30 30 29 30 30 35 27 Class Distribution -------------------- 19% | Hauler-Mutant 15% | Mutant 13% | Hauler-Skirmisher 11% | Tank 9% | Hauler-Tank 8% | Scavenger-Tank 6% | Commander-Tank 4% | Scavenger-Mutant 3% | Commander-Mutant 3% | Hauler-Scrapper Dominant Class ---------------- Mutant | -10/Materials Mutant | -10/Mines Hauler-Mutant | -9/Materials Hauler-Mutant | -9/Mines Hauler-Mutant | -9/Exiles Hauler-Mutant | -8/Mines Hauler-Skirmisher | -8/Materials Hauler-Skirmisher | -7/Factory Hauler-Tank | -7/Storage Commander-Tank | -7/Recycling Tank | -7/Scraptown Scavenger-Scrapper | -5/Factory Resources | -11 -10 -10 -9 -9 -9 -8 -8 -7 -7 -7 -7 -5 ----------- Run | Yrd Mat Min Mat Min Exi Min Mat Fac Sto Rec Scr Fac Matter Collected 18232 | 285 788 164 1045 217 10 312 2358 671 502 585 9114 2181 Remotely 5503 | . . . . . . . . 261 . . 4131 1111 Salvage Created 16633 | 95 906 131 1817 212 . 304 2831 1333 1456 418 4910 2220 Parts 862 | 6 61 11 121 15 . 25 163 50 57 13 246 94 Haulers Intercepted 19 | . 2 . 6 . . . 5 . 4 . . 2 Recyclers Shooed 16 | . 1 . 1 1 . . 3 1 3 . . 6 Parts Field Recycled . | . . . . . . . . . . . . . Retrieved Matter . | . . . . . . . . . . . . . Parts Self-Destructed 30 | . . . . . . . . . . . 30 . Prevented . | . . . . . . . . . . . . . Kills | -11 -10 -10 -9 -9 -9 -8 -8 -7 -7 -7 -7 -5 ------- Run | Yrd Mat Min Mat Min Exi Min Mat Fac Sto Rec Scr Fac Combat Hostiles Destroyed 314 | . 14 7 34 9 . 12 46 23 17 2 116 34 Guns 122 | . 10 . 23 3 . 3 43 16 15 2 . 7 Cannons 137 | . 3 1 2 . . . 3 . . . 110 18 AOE 50 | . . 6 9 6 . 9 . 5 . . 6 9 Classes Destroyed 31 | 2 8 . 3 1 . 1 2 1 . . 11 2 Worker 15 | . 1 . 5 2 . . . 2 1 . . 4 Builder 11 | . 1 . 1 . . . 2 1 . . . 6 Tunneler 11 | 2 2 . . 2 . 2 . . . . 3 . Hauler 19 | . 2 . 6 . . . 5 . 4 . . 2 Recycler 29 | 1 2 1 1 1 . 2 4 2 3 4 1 7 Carrier 1 | . . . . . . . . . . . . 1 Mechanic 3 | . 1 . . . . . . 1 . . . 1 Operator 9 | . 2 . 2 . . . 3 1 1 . . . Turret 1 | . . . . . . . . . . . 1 . Watcher 19 | . 3 . 5 . . . 5 1 2 . . 3 Swarmer 42 | . 2 6 9 4 . 10 7 3 . . . 1 Cutter 3 | . . . . . . . 3 . . . . . Saboteur 1 | . . . . . . . . . . . . 1 Grunt 79 | . 12 1 13 4 . 1 22 11 6 . 1 8 Brawler 5 | . . . . 1 . . 1 . . . . 3 Duelist 4 | . . . 2 . . . . 1 . . . 1 Sentry 30 | . . . 10 . . . 8 3 6 2 1 . Specialist 5 | . . . . . . . . . . . 2 3 Hunter 16 | . . . . . . 1 4 1 1 . . 9 Programmer 15 | . . . . . . . . 4 4 . . 7 Heavy 2 | . . . . . . . 1 . . . . 1 Bolteater 4 | . . . . . . . . . . . 4 . Federalist 4 | . . . . . . . . . . . 4 . Explorer 3 | . . . . . . . . . . . 3 . Ranger 7 | . . . . . . . . . . . 7 . Guru 14 | . . . . . . . . . . . 14 . Scientist 10 | . . . . . . . . . . . 10 . Scrapper 49 | . . . . . . . . . . . 49 . Elite 27 | . . . . . . . . . . . 27 . Zionite 2 | . . . 1 . . . . . . . 1 . Tinkerer 2 | . . . . . . . . . . . 2 . Thug 4 | . . . . . . . . . . . 4 . Best Kill Streak 20 | 3 3 3 5 4 . 6 7 5 5 3 20 13 Combat Bots Only 19 | . 3 3 4 4 . 4 5 4 4 1 19 8 Max Kills in Single Turn 5 | 1 1 2 4 2 . 5 3 3 1 1 3 2 Gunslinging . | . . . . . . . . . . . . . Exploded 3 | . . 2 3 2 . 3 . 3 . . 2 2 Melee . | . . . . . . . . . . . . . Uniques/NPCs Destroyed 1 | . . . . . . . . . . . 1 . Triborg (-7/Scraptown) Combat | -11 -10 -10 -9 -9 -9 -8 -8 -7 -7 -7 -7 -5 -------- Run | Yrd Mat Min Mat Min Exi Min Mat Fac Sto Rec Scr Fac Hostile Shots Fired 1853 | . 77 20 188 20 . 24 260 240 224 27 338 435 Missed 550 | . 22 4 42 6 . 9 77 83 101 8 87 111 Damage Taken 19974 | . 652 276 1928 158 . 192 3253 1801 1358 143 3503 6710 Core 1767 | . 135 76 174 . . . 350 83 88 16 105 740 Absorbed by Shields 838 | . . . . . . . . . . . 741 97 Reduced by Siege Mode 620 | . . . . . . . . . . . 620 . Redirected to Shielding 164 | . . 6 12 . . . . . . . . 146 Ignored by Resistances 224 | . . . . . . . . . . . 193 31 Regen/Repaired (Parts) 852 | . 238 . . . . . 252 300 . . . 62 Core Remaining (%) 53 | 100 . 15 . . . 56 36 . . . 58 . Volleys Fired 1133 | 5 109 12 119 15 . 26 166 90 74 13 373 131 Largest 3 | 2 2 2 2 2 . 2 3 3 3 3 3 3 Hottest 254 | 60 120 120 135 46 . 46 153 165 165 166 144 254 Shots Fired 2227 | 10 198 19 219 22 . 46 496 234 223 40 424 296 Gun 1421 | 10 136 . 193 14 . 40 476 221 223 40 . 68 Cannon 667 | . 48 14 19 . . . 20 11 . . 346 209 Launcher 58 | . . 5 7 8 . 6 . 2 . . 12 18 Special 81 | . 14 . . . . . . . . . 66 1 Kinetic 1315 | 5 79 . 82 14 . 40 448 23 53 16 346 209 Thermal 735 | 5 119 14 63 . . . 5 209 170 24 58 68 Explosive 58 | . . 5 7 8 . 6 . 2 . . 12 18 Electromagnetic 112 | . . . 67 . . . 43 . . . 1 1 Robot Hit Streak 31 | 4 11 8 23 27 . 6 16 18 13 14 31 16 Robot Miss Streak 7 | 1 5 1 4 3 . 2 7 3 5 3 3 5 Penetration Max 2 | . . . . . . . . . . . 2 . Secondary Targets 9 | . . . 1 . . . 5 2 . . . 1 Max Gunslinging Chain 1 | . . . 1 . . . 1 1 . . . 1 Shots Hit Robots 1406 | 7 117 11 161 12 . 28 310 153 128 27 263 189 Core Hits 689 | 4 40 9 77 17 . 19 139 54 55 13 135 127 Critical Kills 6 | . 1 . . . . . 1 . 1 1 . 2 Critical Parts Destroyed 9 | . . . 1 . . . 4 1 1 . . 2 Critical Strikes 63 | . 1 . 4 . . . 5 13 5 2 25 8 Burn 19 | . . . 3 . . . . 12 3 1 . . Destroy 15 | . 1 . 1 . . . 5 1 2 1 . 4 Blast 29 | . . . . . . . . . . . 25 4 Melee Attacks 88 | . . . 5 . . . 3 19 6 2 40 13 Impact 44 | . . . 5 . . . . . . . 39 . Slashing 42 | . . . . . . . 1 19 6 2 1 13 Piercing 2 | . . . . . . . 2 . . . . . Sneak Attacks 6 | . . . . . . . . . . . 1 5 Combat Hostiles . | . . . . . . . . . . . . . Follow-up Attacks . | . . . . . . . . . . . . . Damage Inflicted 53975 | 87 1676 567 3751 822 . 1039 4907 3604 2747 546 25795 8434 Guns 16574 | 87 1032 . 2398 134 . 393 4573 3070 2747 546 . 1594 Cannons 29040 | . 564 196 244 . . . 267 . . . 24593 3176 Explosions 7115 | . . 368 876 621 . 598 56 508 . . 1003 3085 Melee 640 | . . . 38 . . . . . . . 94 508 Ramming 419 | . 56 3 195 67 . 48 11 26 . . . 13 Kinetic 34830 | 41 634 . 888 134 . 393 4184 148 488 151 24593 3176 Thermal 9763 | 46 986 196 1142 . . . 118 2922 2259 395 105 1594 Explosive 6452 | . . 368 660 621 . 598 . 508 . . 1003 2694 Electromagnetic 1813 | . . . 828 . . . 594 . . . . 391 Impact 96 | . . . 38 . . . . . . . . 58 Slashing 602 | . . . . . . . . . . . 94 508 Piercing . | . . . . . . . . . . . . . Highest Corruption 16 | . . . . . . . 8 3 7 7 4 16 Average Corruption 5 | . . . . . . . 5 1 5 7 2 12 Corruption Purged 10 | . . . . . . . . 4 . . . 6 Corruption Blocked . | . . . . . . . . . . . . . Effects 166 | . . . . . . . . 9 32 45 24 56 Message Errors 30 | . . . . . . . . 3 2 9 6 10 Matter Fused 37 | . . . . . . . . 1 9 12 6 9 Heat Flow Errors 18 | . . . . . . . . 1 4 4 2 7 Energy Discharges 20 | . . . . . . . . . 5 6 4 5 Parts Rejected 8 | . . . . . . . . 1 . 1 1 5 Data Loss (minor) 23 | . . . . . . . . 2 6 6 2 7 Data Loss (major) 13 | . . . . . . . . . 1 4 2 6 Misfires 8 | . . . . . . . . 1 3 2 . 2 Alerts 1 | . . . . . . . . . . . . 1 Weapon Failures 8 | . . . . . . . . . 2 1 1 4 Overload Shots . | . . . . . . . . . . . . . Overflow Damage 3293 | . 22 18 45 . . 66 . . . . 2863 279 Projectiles 2870 | . 22 . . . . . . . . . 2788 60 Explosions 223 | . . 18 45 . . 65 . . . . 21 74 Melee 200 | . . . . . . 1 . . . . 54 145 Knockbacks 83 | . . . 2 . . . . 1 . . 45 35 Impact 4 | . . . 2 . . . . 1 . . . 1 Kinetic 77 | . . . . . . . . . . . 45 32 Secondary 2 | . . . . . . . . . . . . 2 Self-Inflicted Damage 396 | . . 123 12 . . 12 29 39 . . . 181 Shots 13 | . . 5 1 . . 1 1 2 . . . 3 Rammed 43 | . 14 2 18 3 . 3 1 1 . . . 1 Targets Rammed 52 | . 17 2 20 7 . 3 1 1 . . . 1 Kicked . | . . . . . . . . . . . . . Crushed 9 | . 3 . 2 4 . . . . . . . . Highest Temperature 333 | . 240 120 249 8 . 44 333 244 253 250 321 330 Average Temperature 68 | . 50 56 86 3 . 20 77 75 79 88 35 93 Received Heat Transfer 4748 | . 369 45 768 90 . 27 1026 552 381 42 1177 271 Effects 2 | . . . . . . . . 1 . . . 1 Interference 2 | . . . . . . . . 1 . . . 1 Siege Activations 31 | . . . . . . . . . . . 31 . Total Turns 3045 | . . . . . . . . . . . 3045 . Longest Duration 884 | . . . . . . . . . . . 884 . Robots Corrupted 3 | . . . . . . 1 . . . . . 2 Combat Hostiles . | . . . . . . . . . . . . . Parts Fried 18 | . . . 5 . . . 6 . . . . 7 Impact Corruptions 1 | . . . . . . 1 . . . . . . Robots Melted 5 | . 1 . . . . . . 2 2 . . . Combat Hostiles 5 | . 1 . . . . . . 2 2 . . . Parts Melted 58 | . 2 1 6 . . 1 . 20 15 2 8 3 Heat Transferred 19329 | 100 2134 407 2274 . . . 261 6253 4403 895 . 2602 Parts Sabotaged . | . . . . . . . . . . . . . Parts Stolen . | . . . . . . . . . . . . . Parts Stripped . | . . . . . . . . . . . . . Power Chain Reactions 5 | . . . 4 . . . 1 . . . . . Alert | -11 -10 -10 -9 -9 -9 -8 -8 -7 -7 -7 -7 -5 ------- Run | Yrd Mat Min Mat Min Exi Min Mat Fac Sto Rec Scr Fac Peak Influence 840 | 15 209 88 320 281 . 249 529 473 705 399 . 840 Initial 274 | . 9 3 . 124 . . . 240 200 274 . . Average 198 | 6 67 44 209 64 . 67 251 212 460 203 . 287 Maximum Alert Level 3 | . 1 . 1 1 . 1 2 2 3 1 . 3 Low Security (%) 55 | 100 97 100 47 97 . 91 38 47 . 59 . 43 Level 1 35 | . 2 . 52 2 . 8 53 36 23 40 . 11 Level 2 8 | . . . . . . . 8 16 73 . . 39 Level 3 . | . . . . . . . . . 2 . . 5 Level 4 . | . . . . . . . . . . . . . Level 5 . | . . . . . . . . . . . . . High Security . | . . . . . . . . . . . . . Max Security . | . . . . . . . . . . . . . Squads Dispatched 49 | . 4 . 4 . . . 8 10 11 . . 12 Investigation 12 | . 2 . 3 . . . 3 2 . . . 2 Extermination 12 | . . . . . . . . 5 3 . . 4 Reinforcement 16 | . 2 . 1 . . . 4 2 3 . . 4 Assault 4 | . . . . . . . 1 1 . . . 2 Garrison 5 | . . . . . . . . . 5 . . . Intercept . | . . . . . . . . . . . . . Searches Triggered . | . . . . . . . . . . . . . Construction Impeded 4 | . . . . . . . . . 1 . . 3 Haulers Reinforced . | . . . . . . . . . . . . . Active Scanning Responses . | . . . . . . . . . . . . . Cargo Convoy Interrupts 1 | . . . . . . . . . . . . 1 Stealth | -11 -10 -10 -9 -9 -9 -8 -8 -7 -7 -7 -7 -5 --------- Run | Yrd Mat Min Mat Min Exi Min Mat Fac Sto Rec Scr Fac Distress Signals 17 | . 1 1 7 . . . 3 . 3 . 2 . Communications Jammed . | . . . . . . . . . . . . . Distress Signals . | . . . . . . . . . . . . . Times Spotted 386 | . 29 8 46 7 . 12 60 40 31 2 103 48 Peak Tracking Total 10 | . 5 3 5 3 . 3 5 6 6 1 8 10 Tactical Retreats 19 | . . . 2 . . . 4 2 2 . 5 4 Traps | -11 -10 -10 -9 -9 -9 -8 -8 -7 -7 -7 -7 -5 ------- Run | Yrd Mat Min Mat Min Exi Min Mat Fac Sto Rec Scr Fac Traps Triggered 6 | . . . . . . . 1 . 3 . . 2 Indirectly . | . . . . . . . . . . . . . Trap Hack Attempts . | . . . . . . . . . . . . . Triggered . | . . . . . . . . . . . . . Disarmed . | . . . . . . . . . . . . . Reprogrammed . | . . . . . . . . . . . . . Reused . | . . . . . . . . . . . . . Traps Extracted . | . . . . . . . . . . . . . Installed . | . . . . . . . . . . . . . Triggered . | . . . . . . . . . . . . . Machines | -11 -10 -10 -9 -9 -9 -8 -8 -7 -7 -7 -7 -5 ---------- Run | Yrd Mat Min Mat Min Exi Min Mat Fac Sto Rec Scr Fac Machines Disabled 46 | . 4 . 3 . . . 1 2 4 1 29 2 Max in Single Turn 2 | . 1 . 2 . . . 1 1 1 1 2 1 Garrison Access 2 | . . . . . . . 1 . . . . 1 Machines Repaired . | . . . . . . . . . . . . . Machines Dismantled . | . . . . . . . . . . . . . Machines Sabotaged . | . . . . . . . . . . . . . Overloaded Fab Kills . | . . . . . . . . . . . . . Hacking | -11 -10 -10 -9 -9 -9 -8 -8 -7 -7 -7 -7 -5 --------- Run | Yrd Mat Min Mat Min Exi Min Mat Fac Sto Rec Scr Fac Machines Accessed 76 | . 9 . 16 . 2 . 14 13 2 10 4 6 Terminals 43 | . 6 . 10 . . . 9 8 2 5 . 3 Fabricators 3 | . . . . . . . . 2 . . . 1 Repair Stations 7 | . 1 . 2 . . . 1 2 . . . 1 Recycling Units 11 | . 2 . 2 . . . 2 . . 5 . . Scanalyzers 3 | . . . 2 . . . 1 . . . . . Garrison Access 3 | . . . . . . . 1 1 . . . 1 Total Hacks 220 | . 33 . 48 . 2 . 48 38 3 20 14 14 Successful 131 | . 16 . 31 . 2 . 29 21 . 12 14 6 Failed 89 | . 17 . 17 . . . 19 17 3 8 . 8 Catastrophic 12 | . 1 . 5 . . . 2 1 1 1 . 1 Database Lockouts . | . . . . . . . . . . . . . Manual 145 | . 29 . 34 . 1 . 34 21 2 21 . 3 Terminals 138 | . 27 . 33 . . . 30 25 3 12 . 8 Fabricators 6 | . . . . . . . . 4 . . . 2 Repair Stations 19 | . 4 . 4 . . . 2 7 . . . 2 Recycling Units 17 | . 2 . 2 . . . 5 . . 8 . . Scanalyzers 17 | . . . 9 . . . 8 . . . . . Garrison Access 7 | . . . . . . . 3 2 . . . 2 Terminal Hacks 39 | . 2 . 7 . 2 . 7 5 . 1 14 1 Record 7 | . . . . . 1 . . . . . 6 . Part Schematic 6 | . 2 . 2 . . . . 2 . . . . Robot Schematic 1 | . . . . . . . 1 . . . . . Robot Analysis 12 | . . . 3 . . . 1 . . 1 7 . Branch Access Points 2 | . . . . . . . . 1 . . . 1 Terminal Index 1 | . . . . . . . . 1 . . . . Alert Level 1 | . . . . . . . 1 . . . . . Unreport Threat 5 | . . . 2 . . . 3 . . . . . Hauler Manifests 2 | . . . . . . . 1 1 . . . . Derelict Proto ID Bank 2 | . . . . . 1 . . . . . 1 . Fabricator Hacks 3 | . . . . . . . . 2 . . . 1 Network Status 1 | . . . . . . . . 1 . . . . Load Schematic 2 | . . . . . . . . 1 . . . 1 Repair Station Hacks 14 | . 4 . 1 . . . 2 5 . . . 2 Scan Component 8 | . 2 . 1 . . . 1 3 . . . 1 Repair 6 | . 2 . . . . . 1 2 . . . 1 Recycling Unit Hacks . | . . . . . . . . . . . . . Scanalyzer 16 | . . . 8 . . . 8 . . . . . Insert Component 9 | . . . 5 . . . 4 . . . . . Analyze 7 | . . . 3 . . . 4 . . . . . Garrison Access Hacks 1 | . . . . . . . . . . . . 1 Seal Access 1 | . . . . . . . . . . . . 1 Unauthorized Hacks 58 | . 10 . 15 . . . 12 9 . 11 . 1 Terminals 45 | . 8 . 13 . . . 10 8 . 6 . . Assimilate 5 | . . . 3 . . . 2 . . . . . Botnet 10 | . 2 . 2 . . . 2 2 . 2 . . Operators 4 | . 1 . 1 . . . 1 1 . . . . Skim 26 | . 5 . 7 . . . 5 5 . 4 . . Fabricators 2 | . . . . . . . . 1 . . . 1 Recompile 2 | . . . . . . . . 1 . . . 1 Repair Stations . | . . . . . . . . . . . . . Recycling Units 10 | . 2 . 2 . . . 1 . . 5 . . Mask 1 | . . . . . . . 1 . . . . . Tunnel 9 | . 2 . 2 . . . . . . 5 . . Scanalyzers . | . . . . . . . . . . . . . Garrison Access 1 | . . . . . . . 1 . . . . . Jam 1 | . . . . . . . 1 . . . . . Data Cores Recovered 1 | . . . . . . . . . 1 . . . Used 1 | . . . . . . . . . 1 . . . Hacking Detections 56 | . 6 . 13 . . . 13 12 2 5 . 5 Full Trace Events 5 | . . . 1 . . . 1 1 . 1 . 1 Feedback Events 1 | . . . . . . . . . . . . 1 Hackware Fried 1 | . . . . . . . . . . . . 1 Feedback Blocked . | . . . . . . . . . . . . . Robot Schematics Acquired 1 | . . . . . . . 1 . . . . . Robots Built . | . . . . . . . . . . . . . Authchips . | . . . . . . . . . . . . . Time . | . . . . . . . . . . . . . Total Robot Build Rating . | . . . . . . . . . . . . . Part Schematics Acquired 17 | . 2 . 4 . . . 4 2 . . . 5 Parts Built . | . . . . . . . . . . . . . Authchips . | . . . . . . . . . . . . . Time . | . . . . . . . . . . . . . Total Part Build Rating . | . . . . . . . . . . . . . Parts Repaired 6 | . 2 . . . . . 1 2 . . . 1 Time 186 | . 52 . . . . . 26 70 . . . 38 Parts Recycled . | . . . . . . . . . . . . . Recycled Matter . | . . . . . . . . . . . . . Retrieved Matter . | . . . . . . . . . . . . . Retrieved Components . | . . . . . . . . . . . . . Parts Scanalyzed 7 | . . . 3 . . . 4 . . . . . Part Schematics Acquired 7 | . . . 3 . . . 4 . . . . . Parts Damaged . | . . . . . . . . . . . . . Bothacking | -11 -10 -10 -9 -9 -9 -8 -8 -7 -7 -7 -7 -5 ------------ Run | Yrd Mat Min Mat Min Exi Min Mat Fac Sto Rec Scr Fac Used RIF Installer . | . . . . . . . . . . . . . Robots Hacked . | . . . . . . . . . . . . . Non-combat . | . . . . . . . . . . . . . Combat . | . . . . . . . . . . . . . Robot Hacks Applied . | . . . . . . . . . . . . . Relay Couplers Released . | . . . . . . . . . . . . . Fabnet Peak Effective % . | . . . . . . . . . . . . . Robots Rewired . | . . . . . . . . . . . . . Allies Hacked . | . . . . . . . . . . . . . Hacks Repelled . | . . . . . . . . . . . . . Allies | -11 -10 -10 -9 -9 -9 -8 -8 -7 -7 -7 -7 -5 -------- Run | Yrd Mat Min Mat Min Exi Min Mat Fac Sto Rec Scr Fac Total Allies 17 | . . 2 1 3 . . 1 . 10 . . . Largest Group 10 | . . 2 2 4 4 4 1 . 10 10 10 . Highest-Rated Group 173 | . . 42 42 50 50 50 16 . 173 173 173 . Highest-Rated Ally 31 | . . 31 31 16 16 16 16 . 29 29 29 . Total Orders 30 | . . . 2 2 . 4 2 . . 3 17 . STAY 18 | . . . 1 1 . 2 1 . . 1 12 . FOLLOW 12 | . . . 1 1 . 2 1 . . 2 5 . Ally Attacks 201 | . . 1 3 . . 26 6 . 7 . 158 . Total Damage 2306 | . . 21 20 . . 262 78 . 83 . 1842 . Kills 28 | . . 1 1 . . 4 . . 2 . 20 . Allies Corrupted . | . . . . . . . . . . . . . Allies Melted . | . . . . . . . . . . . . . Intel | -11 -10 -10 -9 -9 -9 -8 -8 -7 -7 -7 -7 -5 ------- Run | Yrd Mat Min Mat Min Exi Min Mat Fac Sto Rec Scr Fac Robot Analysis Total 12 | . . . 3 . . . 1 . . 1 7 . Derelict Logs Recovered 3 | . . 1 . 2 . . . . . . . . Drone Launches . | . . . . . . . . . . . . . Drone Recoveries . | . . . . . . . . . . . . . Exploration | -11 -10 -10 -9 -9 -9 -8 -8 -7 -7 -7 -7 -5 ------------- Run | Yrd Mat Min Mat Min Exi Min Mat Fac Sto Rec Scr Fac Turns Passed 54311 | 97 2724 1420 7330 2053 1286 2000 9978 2528 1177 1561 20131 2026 Spaces Moved 17888 | 44 1068 569 2430 617 400 592 2965 1037 442 741 6270 713 Core 3 | 3 . . . . . . . . . . . . Treads 12189 | 41 1068 569 2430 617 400 592 2611 . . . 3512 349 Legs . | . . . . . . . . . . . . . Wheels 5696 | . . . . . . . 354 1037 442 741 2758 364 Hover . | . . . . . . . . . . . . . Flight . | . . . . . . . . . . . . . Fastest Speed 50 | 50 160 240 160 320 320 320 150 175 190 190 145 160 Average Speed 244 | 152 192 240 242 320 320 320 296 190 190 190 237 184 Slowest Speed 480 | 160 240 240 320 320 320 320 480 195 190 190 340 220 Overloaded Moves . | . . . . . . . . . . . . . Propulsion Burnouts . | . . . . . . . . . . . . . Robots Hopped . | . . . . . . . . . . . . . Cave-ins Triggered . | . . . . . . . . . . . . . Exploration Rate (%) 76 | 4 98 100 98 99 77 99 98 37 69 99 98 21 Regions Visited 12 Branch Regions 7 Pre-discovered Areas 14 | . 2 . 3 2 1 . 1 . . 5 . . Known Exits Taken 4 | . . 1 . . . 1 1 1 . . . . Unknown Exits Taken 8 | 1 1 . 1 1 1 . . . 1 1 1 . Scrap Searched 9 | . . 1 . 1 . 1 . . . . 6 . Spaces Dug 492 | . 11 31 27 22 . 36 3 31 4 2 294 31 Terrain Destroyed 764 | . 11 36 76 45 . 64 4 35 4 2 224 263 Melee 50 | . . . 2 . . . 3 18 4 2 14 7 Projectile 184 | . 11 . . . . . . 4 . . 117 52 AOE 507 | . . 36 74 45 . 64 1 13 . . 70 204 Terrain Rammed . | . . . . . . . . . . . . . Walls Destroyed . | . . . . . . . . . . . . . Machines Disabled . | . . . . . . . . . . . . . Actions | -11 -10 -10 -9 -9 -9 -8 -8 -7 -7 -7 -7 -5 --------- Run | Yrd Mat Min Mat Min Exi Min Mat Fac Sto Rec Scr Fac Total 26302 | 60 1488 599 3620 661 408 651 3849 1395 623 875 10932 1141 Wait 5991 | 1 229 5 892 10 6 20 497 149 49 79 3909 145 Move 17876 | 43 1067 568 2429 616 399 591 2964 1036 441 740 6269 713 Hop . | . . . . . . . . . . . . . Pick Up 276 | 4 19 2 46 2 1 1 60 22 10 11 80 18 Fast Attach 145 | 7 6 . 11 . . . 27 9 5 5 50 25 Attach 148 | . 3 . 14 . 1 . 38 12 8 3 37 32 Detach 66 | . 5 . 4 . . . 13 4 2 . 21 17 Swap 246 | . 24 9 46 8 . 9 22 28 14 4 44 38 Drop 273 | . 9 1 34 3 1 1 58 25 6 18 109 8 Fire 1133 | 5 109 12 119 15 . 26 166 90 74 13 373 131 Melee 88 | . . . 5 . . . 3 19 6 2 40 13 Ram 1 | . . . . . . . . 1 . . . . Kick . | . . . . . . . . . . . . . Crush 51 | . 17 2 20 7 . 3 1 . . . . 1 Escape Stasis 8 | . . . . . . . . . 8 . . . Rewire . | . . . . . . . . . . . . . Trap . | . . . . . . . . . . . . . Miscellaneous . | . . . . . . . . . . . . . Route ------- -11/Scrapyard -10/Materials (discovered 5 exits: *Mat x3 / [*Min] / *Sub) -10/Mines (discovered 3 exits: *Mat x2 / *Sub) -9/Materials (discovered 4 exits: *Mat x3 / [*Min]) -9/Mines (discovered 4 exits: *Mat x2 / *Exi / [*Zio]) -9/Exiles -8/Mines (discovered 2 exits: *Mat x2) -8/Materials (discovered 3 exits: *Fac x3) -7/Factory (discovered 7 exits: *Fac x4 / *Sto / Low x2) -7/Storage (discovered 2 exits: Fac / *Rec) -7/Recycling (discovered 2 exits: *Fac / *Scr) -7/Scraptown (discovered 2 exits: *Fac x2) -5/Factory (discovered 2 exits: Upp x2) History --------- Turn | Location | Event 31 | -11/Scrapyard | Discovered new exit (range 16) 98 | -11/Scrapyard | Entered Materials 235 | -10/Materials | Discovered new exit (range 16) 300 | -10/Materials | Build established: Mutant 1319 | -10/Materials | Discovered new exit (range 15) 1671 | -10/Materials | Core integrity fell below 50% 1682 | -10/Materials | Repaired Lgt. Treads 1693 | -10/Materials | Loaded intel: 15 trap records 1724 | -10/Materials | Repaired Lgt. Treads 1753 | -10/Materials | Identified exit to Materials 1760 | -10/Materials | Discovered exit to Materials (range 5) 1802 | -10/Materials | Learned Recycling recycling unit intel 1843 | -10/Materials | Identified exit to Subcaves 1843 | -10/Materials | Learned location of 1 exit from Materials 1873 | -10/Materials | Learned 2 Mines zone layouts 1915 | -10/Materials | Learned Materials trap positions 1965 | -10/Materials | Learned 4 Recycling zone layouts 2822 | -10/Materials | Entered Mines 3011 | -10/Mines | Received a Rocket Launcher from a helpful Derelict 3012 | -10/Mines | Discovered exit to Materials (range 14) 3505 | -10/Mines | Learned Materials garrison access intel 3738 | -10/Mines | Core integrity fell below 20% 4242 | -10/Mines | Entered Materials 4242 | -9/Materials | Accompanied by 2 allies 4242 | -9/Materials | Evolved 2 slots: Propulsion x1, Utility x1 4243 | -9/Materials | Identified exit to Materials 4244 | -9/Materials | Loaded intel: 9 trap records 4247 | -9/Materials | Led the pair of lost Derelicts to an unsafe place 4945 | -9/Materials | Lost 3 parts (1p1n1w) 5024 | -9/Materials | Discovered exit to Materials (range 12) 5423 | -9/Materials | Discovered new exit (range 13) 5555 | -9/Materials | Learned location of 2 exits from Materials 5589 | -9/Materials | Build established: Scavenger-Mutant 5638 | -9/Materials | Learned Storage stockpile data 5690 | -9/Materials | Lost 4 parts (1n1u2w) 5771 | -9/Materials | Learned location of 1 exit from Storage 7871 | -9/Materials | Build established: Hauler-Mutant 11572 | -9/Materials | Entered Mines 11572 | -9/Mines | Accompanied by 1 ally 11645 | -9/Mines | A weapon hastily lodged in a ceiling crevice suddenly fell to the ground 12148 | -9/Mines | Deemed a non-threat by the Exiles lab entrance 12148 | -9/Mines | Discovered new exit (range 5) 12250 | -9/Mines | Learned location of Storage (-7) 12449 | -9/Mines | A Derelict revealed a hidden shortcut to a safe place 12480 | -9/Mines | Learned Materials emergency access door positions 13366 | -9/Mines | Assisted by bots powering up and referring to "LRC-V3" 13625 | -9/Mines | Entered Exiles 13625 | -9/Exiles | Accompanied by 4 allies 13699 | -9/Exiles | Met 8R-AWN 13757 | -9/Exiles | Met EX-HEX 13907 | -9/Exiles | Met EX-DEC 13961 | -9/Exiles | Learned location of Zion (-7) 14237 | -9/Exiles | Met EX-BIN 14285 | -9/Exiles | Aligned with FarCom system 14288 | -9/Exiles | Given EX-Vault access code 14361 | -9/Exiles | Opened EX-Vault 14405 | -9/Exiles | Found Longsword +1 14476 | -9/Exiles | Warned to stay clear of 0b10 Research branches 14653 | -9/Exiles | Visited The Gauntlet 14876 | -9/Exiles | Discovered new exit (range 10) 14911 | -9/Exiles | Left Exiles lab with Longsword +1 14911 | -9/Exiles | Entered Mines 14911 | -8/Mines | Accompanied by 4 allies 16841 | -8/Mines | Discovered exit to Materials (range 13) 16911 | -8/Mines | Entered Materials 16911 | -8/Materials | Accompanied by 1 ally 16911 | -8/Materials | Evolved 2 slots: Utility x1, Weapon x1 16912 | -8/Materials | Identified exit to Factory 16914 | -8/Materials | Loaded intel: 1 garrison access location 17266 | -8/Materials | Build established: Hauler-Tank 19220 | -8/Materials | Lost 3 parts (1p2u) 19226 | -8/Materials | Discovered exit to Factory (range 8) 19828 | -8/Materials | Build established: Hauler-Skirmisher 20767 | -8/Materials | Build established: Hauler-Tank 21116 | -8/Materials | Learned Factory trap positions 21272 | -8/Materials | Learned Storage security intel 21307 | -8/Materials | Learned 4 Lower Caves zone layouts 21467 | -8/Materials | Learned location of 2 exits from Factory 22185 | -8/Materials | Core integrity fell below 50% 22207 | -8/Materials | Lost 8 parts (2n2u4w) 22439 | -8/Materials | Build established: Hauler-Skirmisher 23255 | -8/Materials | Repaired Cargo Storage Unit 26111 | -8/Materials | First assault squad dispatched 26677 | -8/Materials | Build established: Hauler-Mutant 26889 | -8/Materials | Entered Factory 26889 | -7/Factory | Evolved 2 slots: Utility x2 26890 | -7/Factory | Identified exit to Factory 26890 | -7/Factory | Identified exit to Lower Caves 26891 | -7/Factory | Identified exit to Storage 26892 | -7/Factory | Loaded intel: 112 trap records 27883 | -7/Factory | Repaired Cooling System? 27999 | -7/Factory | Discovered exit to Factory (range 10) 28600 | -7/Factory | Build established: Hauler-Skirmisher 28790 | -7/Factory | Learned location of 1 exit from Cetus 28792 | -7/Factory | Repaired Hvy. Armor Plating 28810 | -7/Factory | Learned Hub_04(d) emergency access door positions 28822 | -7/Factory | Learned Extension stockpile data 28823 | -7/Factory | Learned Extension emergency access door positions 28830 | -7/Factory | Learned 2 Extension zone layouts 29289 | -7/Factory | First assault squad dispatched 29417 | -7/Factory | Entered Storage 29727 | -7/Storage | Garrison activated, responded to threat 30158 | -7/Storage | Build established: Hauler-Tank 30181 | -7/Storage | Used back door to open Recycling access 30181 | -7/Storage | Discovered new exit (range 5) 30305 | -7/Storage | Garrison activated, responded to threat 30494 | -7/Storage | Assisted by bots powering up and referring to "LRC-V3" 30539 | -7/Storage | Garrison activated, responded to threat 30594 | -7/Storage | Entered Recycling 30594 | -7/Recycling | Accompanied by 10 allies 30596 | -7/Recycling | Loaded intel: 5 recycling unit locations 30796 | -7/Recycling | Build established: Commander-Tank 30798 | -7/Recycling | Discovered new exit (range 5) 31407 | -7/Recycling | Scanned before Scraplab entrance 32071 | -7/Recycling | Entered Scraplab 32086 | -7/Recycling | Discovered new exit (range 3) 32155 | -7/Recycling | Entered Scraptown 32155 | -7/Scraptown | Accompanied by 10 allies 32155 | -7/Scraptown | System corruption cleaned by C-Scrubber 32287 | -7/Scraptown | Build established: Commander-Mutant 32627 | -7/Scraptown | Visited Red Mages 32704 | -7/Scraptown | Visited Symbiants 32798 | -7/Scraptown | Visited Shadow of the Wyrm 33138 | -7/Scraptown | Discovered new exit (range 7) 33309 | -7/Scraptown | Visited Comm Corps 33400 | -7/Scraptown | Visited SPCMW 33495 | -7/Scraptown | Visited Fellowship of the Rings 33548 | -7/Scraptown | Visited Cave Peace 34448 | -7/Scraptown | Build established: Commander-Tank 35119 | -7/Scraptown | Turned away by UFD registrar 36317 | -7/Scraptown | Attacked by Scraptown defenders 36317 | -7/Scraptown | Allies destroyed Triborg 36323 | -7/Scraptown | Found Tri-treads 36345 | -7/Scraptown | Found Prototype Ballistic Cannon 36345 | -7/Scraptown | Identified Siege Cannon 36360 | -7/Scraptown | Lost 3 allies 36686 | -7/Scraptown | Build established: Scavenger-Tank 36878 | -7/Scraptown | Destroyed 8 combat bots 37114 | -7/Scraptown | Build established: Tank 37586 | -7/Scraptown | System corruption cleaned by C-Scrubber 38481 | -7/Scraptown | Found Tri-treads 39486 | -7/Scraptown | Found PL-3XN's Ring of Power 42674 | -7/Scraptown | Destroyed 7 combat bots 42875 | -7/Scraptown | Destroyed 19 combat bots 43086 | -7/Scraptown | Build established: Scavenger-Tank 43935 | -7/Scraptown | System corruption cleaned by C-Scrubber 44259 | -7/Scraptown | Visited Chapter 10 44320 | -7/Scraptown | Visited Analyses Database 44590 | -7/Scraptown | Visited Curators Association 45365 | -7/Scraptown | Visited Science Guys 45600 | -7/Scraptown | Visited DA-N13 Charitable Foundation 45630 | -7/Scraptown | Found DCF Scrap (29 items) 45800 | -7/Scraptown | Discovered new exit (range 5) 46086 | -7/Scraptown | Visited Observation Area 46340 | -7/Scraptown | Visited Scrapoid Research Area 46415 | -7/Scraptown | Visited Modified Component R&D 46842 | -7/Scraptown | Found Voltaic Drivehammer 47665 | -7/Scraptown | Visited LU-1G1's Boring Crew 47704 | -7/Scraptown | Found Prototype Special Weapon 47704 | -7/Scraptown | Identified LU-1G1's Laser Shovel 47725 | -7/Scraptown | Build established: Mutant 49588 | -7/Scraptown | System corruption cleaned by C-Scrubber 50018 | -7/Scraptown | Found Scrap Suit 50454 | -7/Scraptown | Build established: Hauler-Scrapper 51337 | -7/Scraptown | Found Siege Articulator 51340 | -7/Scraptown | Found Siege Articulator 51621 | -7/Scraptown | Found Scrap Suit 52286 | -7/Scraptown | Entered Factory 52286 | -5/Factory | Evolved 4 slots: Propulsion x1, Utility x3 52368 | -5/Factory | Repaired Imp. Utility Shielding 52585 | -5/Factory | Build established: Scavenger-Scrapper 52873 | -5/Factory | Mak. Hacking Suite fried by hacking feedback 53100 | -5/Factory | Cargo convoy interrupted 53196 | -5/Factory | Destroyed 7 combat bots 53196 | -5/Factory | Lost 4 parts (1p1n2w) 53246 | -5/Factory | Lost 4 parts (3n1w) 53281 | -5/Factory | Found Prototype Device 53281 | -5/Factory | Identified Exp. EM Disruption Field 53285 | -5/Factory | Found Prototype Device 53285 | -5/Factory | Identified Imp. Particle Accelerator 53288 | -5/Factory | Found Prototype Device 53288 | -5/Factory | Identified Exp. Actuator Array 53358 | -5/Factory | System corruption reached 10% 53412 | -5/Factory | Core integrity fell below 50% 53448 | -5/Factory | Lost 7 parts (1p1n5u) 53491 | -5/Factory | Found Prototype Launcher 53491 | -5/Factory | Identified Enh. Gamma Bomb Array 53509 | -5/Factory | Found PL-3XN's Ring of Power 54086 | -5/Factory | First assault squad dispatched 54162 | -5/Factory | Identified exit to Upper Caves 54257 | -5/Factory | Destroyed 8 combat bots 54259 | -5/Factory | Lost 8 parts (4n1u3w) 54312 | -5/Factory | Self-destructed Last Messages --------------- 54251_ U-05 Engineer lays Concrete. 54253_ U-05 Engineer builds a Wall. 54257_ ZR/H 9N2LO/IKWH#E7G%VATI3YU2> 54273_ System corrupted: FCS attempts to trigger Mni. Assault Cannon. 54273_ System corrupted: Mni. Assault Cannon misfires. 54280_ Tech Extrapolator generates new schematic "Mak. Power Source". Influences: Lgt. Deuterium Engine, Backup Power III. 54289_ Acquired Adv. Terrain Scanner. 54290_ System corrupted: Component data lost. 54295_ Nuclear Reactor explodes. 54295_ P-70 Sage destroyed. 54296_ Door malfunctions. 54296_ K-01 Serf collects debris. 54297_ P-70 Sage knocked back. 54298_ K-01 Serf collects debris. 54299_ Hrd. Medium Armor Plating destroyed. 54299_ K-01 Serf collects debris. 54301_ The unstable cave ceiling collapses. 54302_ K-01 Serf collects debris. 54312_ System corrupted: Energy discharge (-93). 54312_ Arm. Huge Wheel destroyed. Map ----- +----------------------------------------------------+ | | | | | | | | | | | | | | | | | | | | | | | | | ?????????????????????????????????????????????????? | | ?????????????????????????????????????????????????? | | ?????????????????????????????????????????????????? | | ?????????????????????????????????###?###?????????? | | ?????????????????????????????#### # ????????? | | ????????????????????#####?### # ????????? | | ????????????????????? ?# ????????? | | ????????????????????? ## ???????? | | ?????????????????????? ## ???????? | | ??????????????????????? ## ??????? | | ???????????????????????# ## [ ??????? | | ???????????????????????# ## p ??????? | | ???????????????????????# / %??????? | | ???????????????????????# @# + ??????? | | ???????????????????????# # ##???????? | | ???????????????????????# + ######???? | | ???????????????????????# ## # ###??? | | ???????????????????????# ## # # ###?? | | ???????????????????????# ###### # ## #?? | | ???????????????????????# #?????## #% # | | ???????????????????????# ####### % | | ???##############??????# "* % | | ???# #??????####### # ! ! | | ???# #????????????# # | #### # ## | | ??## #????????????# ### ## #? | | ## #???##########+#?# # #? | | ## #??? ??# ## #? | | ## #???"" ! ?# ### #? | | ## #????" ?# #?? #? | | ## #???????! ?? #? | | ## #?????????""" ?#########? | | #? #??????????""S"" / ??????????? | | ????? ????????????""""" # = # ?????????? | | ???????? ??????????????#### % ????????? | | ##########+####???????????????? % ! ?????????? | | ################ ?????????? | | # + # ?????????? | | # #### # ?????????? | +----------------------------------------------------+ Best States ------------- Heat Dissipation 109 Coolant Potential 100 Energy Generation 19 Energy Capacity 310 Matter Stores 300 Matter Capacity 300 Sight Range 20 Terrain Scan Density 10 Armor Coverage 1500 Resistance: KI 20 Resistance: EM 75 Core Shielding 20 Propulsion Shielding 33 Utility Shielding 66 Evasion (%) 40 Targeting Accuracy 8 Recoil Reduction 4 Salvage Targeting 2 Offensive Hacking 33 Defensive Hacking 14 Authchip Count 2 Item Schematics ----------------- Cargo Storage Unit | -10/Materials | Hacked Signal Interpreter | -10/Materials | Hacked Seismic Detector | -9/Materials | Scanalyzed Wheel | -9/Materials | Hacked Hacking Suite | -9/Materials | Scanalyzed Hrd. Light Armor Plating | -9/Materials | Scanalyzed System Restoration Module | -8/Materials | Scanalyzed Mak. Spear | -8/Materials | Scanalyzed Lgt. Treads | -8/Materials | Scanalyzed Plasma Cutter | -8/Materials | Scanalyzed Hvy. Assault Cannon | -7/Factory | Hacked Imp. Utility Shielding | -7/Factory | Hacked Mak. Coolant Network | -5/Factory | Extrapolated Humpback | -5/Factory | Extrapolated Mak. Medium Armor Plating | -5/Factory | Extrapolated Mak. Ablative Armor | -5/Factory | Extrapolated Mak. Power Source | -5/Factory | Extrapolated Robot Schematics ------------------ M-28 Smith | -8/Materials | Hacked Fabricated ------------ Nothing Alien Tech Used ----------------- None Achievements -------------- None Challenges ------------ None Game ------ Seed FluxGravitonBattery Manual? 0 Play Time 04:41:52 Cumulative 750.4 hours Start 2024.08.25 @ 17:36:50 End 2024.08.29 @ 17:06:25 Sessions 14 Manual Loads 0 Difficulty Rogue Special Mode None Game No. 94 Rogue 79 Adventurer 5 Explorer 10 Win Type - Total 30 Types 6/7/8/0/3/1/4/0/1 Lore% 73 Gallery% 91 Achievement% 86 Wizard Run 0 Options --------- Layout 0 ASCII 0 Keyboard 0 Movement Numpad Keybinds 0 Fullscreen 1 Font 24/Smallcaps Map View 130x56 Zoom Use 0% Tactical HUD 1 Map Filters NONE Filters NONE Steam 1 RUN: 4f10573c-be82-4c23-b925-229d4b6b79ec